 Dungeon Crawl Stone Soup version 0.29-a0-495-g17b79114eb (webtiles) character file.

Game seed: 9500640525598335313

16 Hubjo the Firebug (level 2, -2/16 HPs)
             Began as a Deep Elf Fire Elementalist on May 27, 2022.
             Was a Follower of Zin.
             Slain by a kobold
             ... wielding a +0 whip
              (4 damage)
             ... on level 1 of the Dungeon.
             The game lasted 00:00:44 (767 turns).

Hubjo the Firebug (Deep Elf Fire Elementalist)       Turns: 767, Time: 00:00:45

Health: -2/16      AC:  2    Str:  5    XL:     2   Next: 41%
Magic:  8/8        EV: 12    Int: 19    God:    Zin [*.....]
Gold:   24         SH:  0    Dex: 15    Spells: 6/7 levels left

rFire   . . .      SeeInvis .   (no weapon)
rCold   . . .      Faith    .   (no shield)
rNeg    . . .      Spirit   .   a - +0 robe
rPois   .          Reflect  .   (no helmet)
rElec   .          Harm     .   (no cloak)
rCorr   .          Rampage  .   (no gloves)
Will    .....                   (no boots)
Stlth   ++........              (no amulet)
HPRegen 0.05/turn               (no ring)
MPRegen 0.11/turn               (no ring)

@: no status effects
A: no striking features
a: Renounce Religion, Recite, Donate Gold


You were on level 1 of the Dungeon.
You worshipped Zin.
Zin was aware of your devotion.
You visited 1 branch of the dungeon, and saw 1 of its levels.

You collected 26 gold pieces.
You donated 2 gold pieces to Zin.

Inventory:

Armour
 a - a +0 robe (worn)
Jewellery
 e - a ring of magical power
Potions
 b - a potion of magic
 c - a potion of attraction {unknown}
 d - 2 potions of flight {unknown}


   Skills:
 * Level 1.0 Fighting
 - Level 2.4 Dodging
 + Level 2.8 Stealth
 + Level 3.3 Spellcasting
 - Level 1.1 Conjurations
 + Level 3.5 Fire Magic


You had 6 spell levels left.
You knew the following spells:

 Your Spells              Type           Power      Damage    Failure   Level
a - Foxfire               Conj/Fire      44%        2x1d6     6%          1

Your spell library contained the following spells:

 Spells                   Type           Power      Damage    Failure   Level
 Scorch                   Fire           32%        2d6       5%          2
 Beastly Appendage        Tmut           6%         N/A       16%         1
 Conjure Flame            Conj/Fire      11%        6-21      17%         3
 Wereblood                Tmut           3%         N/A       22%         2
 Inner Flame              Hex/Fire       9%         N/A       22%         3
 Spider Form              Tmut/Pois      3%         N/A       41%         3
 Flame Wave               Conj/Fire      11%        2d5       50%         4


Dungeon Overview and Level Annotations

Branches:
Dungeon (1/15)

Altars:
Zin


Message History

You are very lightly contaminated with residual magic.
Nothing appears to happen.
The foxfire hits the hobgoblin.
The hobgoblin is almost dead.
The foxfire hits the hobgoblin.
You kill the hobgoblin!
The foxfire hits the kobold but does no damage.
Your Fighting skill increases to level 1!
Your foxfire dissipates!
Your magical contamination has completely faded away.
There is an open door here.
The kobold barely misses you. The kobold attacks as you move away!
The kobold closely misses you. The kobold barely misses you.
There is an open door here.
The kobold attacks as you move away! The kobold misses you.
The kobold hits you with a +0 whip. The kobold completely misses you.
The kobold barely misses you.
There is an open door here.
There is a faded altar of an unknown god here.
You cannot tell which god this altar belongs to.
Convert to them anyway?
Zin accepts your prayer! Zin welcomes you!
You pay a tithe of 2 gold.
You can now donate money to Zin.
You can now recite Zin's Axioms of Law.
The kobold hits you with a +0 whip.
You hit the kobold but do no damage. The kobold hits you with a +0 whip.
You completely miss the kobold. The kobold hits you with a +0 whip.
You hit the kobold but do no damage. The kobold hits you with a +0 whip.
* * * LOW HITPOINT WARNING * * *
You hit the kobold.
The kobold is moderately wounded.
The kobold misses you.
You hit the kobold but do no damage.
The kobold is moderately wounded.
The kobold misses you.
You barely miss the kobold.
The kobold is moderately wounded.
The kobold hits you with a +0 whip.
You die...

.# #.#...........### .#
#.#.............# .#
#.####.########.# .# #.#
#...........# ## #.#
#.#########.# #
#.###.#.......#.# #
#####'##.)#.......#.# #
#.........#..♣♣♣††#.# #
#......##.#..♣@K..#)#
###......##.#..♣♣♣..#.#
..'......##.#.......#.#
###......##.#.......#.##
###......##.####'####..#
......#####............#
#####.#####.........##.#
#.##...............#
#####.##.###'###########


You could see a kobold.

Vanquished Creatures
  2 endoplasms (D:1)
  A giant cockroach (D:1)
  2 goblins (D:1)
  4 hobgoblins (D:1)
  A quokka (D:1)
  A ball python (D:1)
  2 bats (D:1)
13 creatures vanquished.

Vanquished Creatures (collateral kills)
  A foxfire (D:1)
1 creature vanquished.

Vanquished Creatures (others)
  84 foxfires (D:1)
84 creatures vanquished.

Grand Total: 98 creatures vanquished

Notes
Turn   | Place    | Note
-------+----------+-------------------------------------------
     0 | D:1      | Hubjo the Deep Elf Fire Elementalist began the quest for
                  | the Orb.
     0 | D:1      | Reached XP level 1. HP: 10/10 MP: 6/6
   416 | D:1      | Reached XP level 2. HP: 16/16 MP: 4/8
   675 | D:1      | Found a faded altar of an unknown god.
   719 | D:1      | Reached skill level 1 in Fighting
   761 | D:1      | Prayed at the altar of an unknown god.
   761 | D:1      | Became a worshipper of Zin the Law-Giver
   761 | D:1      | Reached * piety under Zin
   767 | D:1      | Slain by a kobold

Illustrated notes

Levels and vault maps discovered:
D:1:      eino_arrival_water_cross, layout_basic,
          hellmonk_ecumenical_altar_inner_sanctum

Skill      XL: |  1  2 |
---------------+-------+-----
Fighting       | 1 |  1.0
Dodging        | |  2.4
Stealth        | |  2.8
Spellcasting   | |  3.3
Conjurations   | |  1.1
Fire Magic     | |  3.5

Action                   || total
-------------------------++-------
Melee: Unarmed           ||     6
 Cast: Foxfire           ||    51
Dodge: Dodged            ||     8

Table legend: (Time is in decaauts)
 A = Elapsed time spent in this place.
 B = Non-inter-level travel time spent in this place.
 C = Inter-level travel time spent in this place.
 D = Time resting spent in this place.
 E = Time spent auto-exploring this place.
 F = Levels seen in this place.
 G = Mean time per level.
                   A        B        C        D        E       F      G
               +--------+--------+--------+--------+--------+-----+--------+
         Total |    767 |    767 |      0 |      0 |    624 |   1 |  767.0 |
       Dungeon |    767 |    767 |      0 |      0 |    624 |   1 |  767.0 |
               +--------+--------+--------+--------+--------+-----+--------+

Top non-repeatable levels by time:
     D:1: 767 daAuts
